 Seeded DCSS version 0.30.0-10-gfe55d96785 (webtiles) character file.

Game seed: 10090500252402427320 (custom seed)

540 GigaChad the Covered (level 7, -1/55 HPs)
             Began as a Formicid Fighter on May 15, 2023.
             Was a Believer of Yredelemnul.
             Slain by a daeva
             ... wielding a +3 scimitar of holy wrath
             ... created by the Shining One
              (19 damage)
             ... on level 5 of the Dungeon.
             The game lasted 00:05:52 (3791 turns).

GigaChad the Covered (Formicid Fighter)             Turns: 3791, Time: 00:05:53

Health: -1/55      AC: 16    Str: 26    XL:     7   Next: 51%
Magic:  0/16       EV:  7    Int:  7    God:    Yredelemnul [**....]
Gold:   509        SH:  5    Dex: 13    Spells: 6/6 levels left

rFire   . . .        t - +3 quarterstaff (chaos)
rCold   . . .        c - +0 buckler
rNeg    . . .        v - +0 plate armour
rPois   .            (helmet unavailable)
rElec   .            r - +0 cloak
rCorr   .            (no gloves)
SInv    +            o - +2 pair of boots
Will    .....        f - amulet of Nafimiri {Spirit MP+9 Str+3} Stlth
                     (no ring)
HPRegen 0.29/turn    (no ring)
MPRegen 0.15/turn

%: guardian spirit
@: glowing
A: permanent stasis, dig shafts and tunnels, antennae 3, four strong arms
a: Dig, Shaft Self, Renounce Religion, Recall Undead Harvest, Dark Bargain


You were on level 5 of the Dungeon.
You worshipped Yredelemnul.
Yredelemnul was noncommittal.
You visited 2 branches of the dungeon, and saw 6 of its levels.

You collected 1084 gold pieces.
You spent 575 gold pieces at shops.

Inventory:

Hand Weapons
 a - a +0 war axe
 t - a +3 quarterstaff of chaos (weapon)
Armour
 b - a +0 scale mail
 c - a +0 buckler (worn)
 o - a +2 pair of boots (worn)
 r - a +0 cloak (worn)
 v - a +0 plate armour (worn)
Jewellery
 f - the amulet of Nafimiri (around neck) {Spirit MP+9 Str+3}
   (You acquired it on level 1 of the Dungeon)

   [amulet of guardian spirit]

   It causes incoming damage to be divided between your reserves of health and
   magic.
   Str:       It affects your strength (+3).
   MP:        It affects your magic capacity (+9).
Scrolls
 g - 3 scrolls of identify
 k - 3 scrolls of teleportation
 m - a scroll of magic mapping {unknown}
 n - a scroll of vulnerability {unknown}
 p - a scroll of silence {unknown}
 u - a scroll of brand weapon {unknown}
Potions
 d - 2 potions of might
 e - a potion of flight {unknown}
 h - a potion of mutation {unknown}
 i - 2 potions of brilliance {unknown}
 j - 2 potions of haste {unknown}
 l - 5 potions of curing {unknown}
 q - a potion of invisibility {unknown}
 s - a potion of heal wounds {unknown}


   Skills:
 * Level 4.6 Fighting
 * Level 5.3 Axes
 * Level 5.3 Armour
 * Level 5.2 Shields


You had 6 spell levels left.
You didn't know any spells.
Your spell library contained the following spells:

 Spells                   Type           Power      Damage    Failure   Level
 Ensorcelled Hibernation  Hex/Ice        0%         N/A       100%        2
 Spider Form              Tmut/Pois      0%         N/A       100%        3
 Anguish                  Hex/Necr       0%         N/A       100%        4


Dungeon Overview and Level Annotations

Branches:
Dungeon (5/15)             Temple (1/1) D:4

Altars:
Gozag
Kikubaaqudgha
Nemelex Xobeh
Trog
Yredelemnul
The Shining One

Shops:
D:5 [


Innate Abilities, Weirdness & Mutations

You cannot be hasted, slowed, berserked, paralysed or teleported.
You can dig through walls and to a lower floor.
You have a pair of large antennae on your head. (SInv)
Your four strong arms can wield two-handed weapons with a shield.


Message History

The daeva is lightly wounded.
The daeva blocks your adder zombie's attack. x2
The daeva calls down the wrath of the Shining One upon you.
The Shining One smites you!
The daeva blocks your spectral white imp's attack.
The daeva blocks your adder zombie's attack. x2
The daeva hits you but does no damage.
The daeva hits you with a +3 scimitar of holy wrath.
You sock the daeva!
Space warps horribly around the daeva!
The daeva is lightly wounded.
Your adder zombie bites the daeva but does no damage.
Your spectral white imp completely misses the daeva.
The daeva blocks your adder zombie's attack.
The daeva hits you with a +3 scimitar of holy wrath!
The daeva hits you with a +3 scimitar of holy wrath.
The daeva blocks your adder zombie's attack.
Your spectral white imp closely misses the daeva.
You are too injured to fight recklessly!
You are too injured to fight recklessly!
Unknown command.
Unknown command.
You are too injured to fight recklessly!
You are too injured to fight recklessly!
You hit the daeva. You burn the daeva.
The daeva is lightly wounded.
The daeva blocks your adder zombie's attack.
You block the daeva's attack. The daeva hits you but does no damage.
The daeva blocks your adder zombie's attack.
Your adder zombie barely misses the daeva.
Your spectral white imp hits the daeva but does no damage.
The daeva blocks your attack.
The daeva is lightly wounded.
The daeva calls down the wrath of the Shining One upon you.
The Shining One smites you!
The daeva blocks your adder zombie's attack.
Your adder zombie bites the daeva but does no damage.
The daeva blocks your spectral white imp's attack.
The daeva hits you with a +3 scimitar of holy wrath!!
You die...
Your body rises from the dead as a mindless zombie.

## #.. ###.### #
##.....## .. #.8...8.#
#.##.......####
.....Z_......# .....
#.AZZ...##.# ..... ##
#Z8@Z.8.##.######## .....
..###Z....###.........
.... #.#.###.###
#.######## ... #.#......#
#.# ..# ####.#......# #.#
..######....#......# #.#
.Z..........#.∩....##.#.#
Z.#.........'.......#.#.#
..#.####.Z..#.....#.#.#.#


You could see a daeva (ally target), a friendly spectral white imp, 3 friendly
adder zombies, a friendly blink frog zombie and a friendly orc zombie.

Vanquished Creatures
  A blink frog (shapeshifter) (D:5)
  A phantom (D:5)
  A jelly (D:3)
  Crazy Yiuf (D:2)
  A hound (D:5)
  An iguana (D:4)
  A sleepcap (D:5)
  5 adders
  A white imp (D:5)
  2 worms (D:3)
  A dart slug (D:5)
  7 orcs
  4 bats
  2 endoplasms (D:4)
  3 giant cockroaches
  6 goblins
  7 hobgoblins
  4 quokkas
  3 ball pythons
  2 frilled lizards (D:1)
  6 kobolds
  4 rats
64 creatures vanquished.

Vanquished Creatures (collateral kills)
  An orc (D:5)
1 creature vanquished.

Grand Total: 65 creatures vanquished

Notes
Turn   | Place    | Note
-------+----------+-------------------------------------------
     0 | D:1      | GigaChad the Formicid Fighter began the quest for the Orb.
     0 | D:1      | Reached XP level 1. HP: 18/18 MP: 1/1
   207 | D:1      | Reached XP level 2. HP: 24/24 MP: 2/2
   836 | D:1      | Identified a scroll of acquirement
   836 | D:1      | Acquired the amulet of Nafimiri {Spirit MP+9 Str+3}
   997 | D:2      | You fall into a shaft and drop 2 floors!
  1090 | D:4      | Reached XP level 3. HP: 29/29 MP: 3/3
  1139 | D:4      | Identified the +5 ring mail "Dyhon" {rN+ Str+4 Dex-3}
  1157 | D:4      | Found a staircase to the Ecumenical Temple.
  1167 | Temple   | Entered the Ecumenical Temple
  1182 | Temple   | Became a worshipper of the Shining One
  1283 | D:4      | Reached XP level 4. HP: 32/37 MP: 4/4
  1573 | D:4      | Found a sand-covered staircase.
  1783 | D:3      | Reached XP level 5. HP: 39/42 MP: 5/5
  2184 | D:2      | Found a sparkling altar of Nemelex Xobeh.
  2466 | D:2      | Found a runed translucent door.
  2467 | D:2      | Noticed Crazy Yiuf
  2470 | D:2      | Acquired 880 gold pieces
  2480 | D:2      | HP: 2/42 [Crazy Yiuf/+3 quarterstaff of chaos (3)]
  2481 | D:2      | Killed Crazy Yiuf
  2791 | D:3      | Was placed under penance by the Shining One
  2948 | D:3      | Fell from the grace of the Shining One
  2954 | D:3      | Found a basalt altar of Yredelemnul.
  3303 | D:3      | Became a worshipper of Yredelemnul the Dark
  3483 | D:5      | Entered Level 5 of the Dungeon
  3494 | D:5      | Reached XP level 6. HP: 30/48 MP: 6/6
  3584 | D:5      | an iguana changed into a shapeshifter
  3584 | D:5      | Noticed a shapeshifter (shapeshifter)
  3584 | D:5      | a shapeshifter changed into a blink frog
  3584 | D:5      | Noticed a blink frog (shapeshifter)
  3588 | D:5      | Killed a blink frog
  3588 | D:5      | Reached * piety under Yredelemnul
  3589 | D:5      | Reached skill level 5 in Armour
  3589 | D:5      | Reached skill level 5 in Shields
  3589 | D:5      | Reached XP level 7. HP: 55/55 MP: 7/7
  3612 | D:5      | Reached skill level 5 in Axes
  3663 | D:5      | Reached ** piety under Yredelemnul
  3694 | D:5      | Found Yggoapn's Antique Armour Shoppe.
  3703 | D:5      | Bought a plate armour for 575 gold pieces
  3759 | D:5      | Found an opulent altar of Gozag.
  3785 | D:5      | Noticed a daeva
  3791 | D:5      | Slain by a daeva

Illustrated notes

Levels and vault maps discovered:
D:1:      nzn_arrival_settlement, layout_loops_corners, serial_bayou_ford_a,
          nicolae_kite_square_tiling_tiny
D:2:      layout_basic, basic_altar, uniq_crazy_yiuf_cottage
D:3:      layout_basic, mainiacjoe_overflow_brackets, minmay_hedge_maze
D:4:      layout_basic, temple_hall, chequers_ossuary_entry_cave
D:5:      layout_basic, mainiacjoe_overflow_paths, grunt_gozag_statues,
          serial_shops, shop, dreamdust_wishing_well, minmay_lizard_king,
          uniq_grinder, uniq_menkaure
Temple:   eino_temple_scatter_basement

Skill      XL: |  1  2  3  4  5  6  7 |
---------------+----------------------+-----
Axes           | 3 4 5 |  5.3
Armour         | 4 5 |  5.3
Fighting       | 4 |  4.6
Shields        | 5 |  5.2

Action                     |  1- 3 |  4- 6 |  7- 9 || total
---------------------------+-------+-------+-------++-------
  Melee: War axe           |    69 |    64 |       ||   133
         Quarterstaff      |       |    30 |    27 ||    57
 Invoke: Renounce Religion |       |     1 |       ||     1
    Use: Scroll            |     3 |     1 |       ||     4
 Armour: Scale mail        |    29 |    47 |     7 ||    83
         Plate armour      |       |       |     7 ||     7
  Dodge: Dodged            |    31 |    31 |     6 ||    68
  Block: Buckler           |    18 |    20 |     5 ||    43
